 Dungeon Crawl Stone Soup version 0.23.0-3-gf3c87f2 (webtiles) character file.

Game seed: 12759763947305632544

81 Borgoz the Sneak (level 4, -1/30 HPs)
             Began as a Halfling Assassin on Feb 24, 2019.
             Slain by Grinder (5 damage)
             ... while paralysed by Grinder
             ... on level 3 of the Dungeon.
             The game lasted 00:05:00 (1807 turns).

Borgoz the Sneak (Halfling Assassin)                Turns: 1807, Time: 00:05:01

Health: -1/30      AC:  3    Str: 12    XL:     4   Next: 68%
Magic:  4/4        EV:  3    Int: 10    God:
Gold:   47         SH:  0    Dex: 15    Spells: 3/3 levels left

rFire    . . .     SeeInvis .   a - +2 dagger
rCold    . . .     Gourm    .   (shield restricted)
rNeg     . . .     Faith    .   c - +0 robe
rPois    .         Spirit   .   (no helmet)
rElec    .         Reflect  .   d - +0 cloak
rCorr    .         Harm     .   (no gloves)
MR       .....                  (no boots)
Stlth    +++.......             (no amulet)
HPRegen  0.10/turn              (no ring)
MPRegen  0.09/turn              (no ring)

@: paralysed
A: small, mutation resistance 1, wild magic 1
a: no special abilities


You were on level 3 of the Dungeon.
You were not hungry.

You visited 1 branch of the dungeon, and saw 3 of its levels.

You collected 47 gold pieces.

Inventory:

Hand Weapons
 a - a +2 dagger (weapon)
 b - a +0 blowgun
Missiles
 e - 7 poisoned needles
 f - 2 curare-tipped needles
Armour
 c - a +0 robe (worn)
 d - a +0 cloak (worn)
Scrolls
 k - 2 scrolls of remove curse
 l - a scroll of identify {unknown}
 n - a scroll of enchant weapon {unknown}
 o - a scroll of amnesia {unknown}
Comestibles
 g - 4 rations
 h - a chunk of flesh


   Skills:
 + Level 2.3 Fighting
 + Level 3.2 Short Blades
 + Level 2.6 Throwing
 + Level 2.2 Dodging
 + Level 4.9 Stealth


You had 3 spell levels left.
You didn't know any spells.
Your spell library was empty.

Dungeon Overview and Level Annotations

Branches:
Dungeon (3/15)

Altars:

Annotations:
D:2 Sigmund
D:3 Grinder


Innate Abilities, Weirdness & Mutations

You are small and have problems with some larger weapons.
You are somewhat resistant to further mutation.
Your spells are a little harder to cast, but a little more powerful.


Message History

* * * LOW HITPOINT WARNING * * *
You hit Grinder but do no damage.
Grinder blinks!
Grinder blinks!
Grinder gestures at you. You resist with significant effort.
Found 12 bolts.
A goblin comes into view. It is wielding a +0 dagger.
Found a ration.
Grinder gestures at you.
You suddenly lose the ability to move!
Found 21 arrows.
Grinder gestures at you. You resist with significant effort.
You can move again.
Grinder gestures at you.
You shrug off the repeated paralysis!
Grinder gestures at you.
You suddenly lose the ability to move!
Grinder hits you.
You die...

.. #.##.# #.##.#
#.##.#####
#.##.##..
#....##.#
##...<##.#
#...<....#
#.....@..###(#.#
#.<....5........
###...##.###.#%#
#...#...##....
##........#
#..#...#.#
#..##.##.##..
#.........g..
##.##.##.##.#


You could see Grinder.

Vanquished Creatures
  Terence (D:2)
  An adder (D:2)
  An ooze (D:1)
  A dart slug (D:1)
  A leopard gecko (D:2)
  A giant cockroach (D:2)
  6 goblins (D:1)
  8 hobgoblins
  3 jackals (D:1)
  A ball python (D:1)
  2 bats (D:2)
  A frilled lizard (D:1)
  7 kobolds (D:1)
  4 rats (D:1)
38 creatures vanquished.

Notes
Turn   | Place    | Note
-------+----------+-------------------------------------------
     0 | D:1      | Borgoz the Halfling Assassin began the quest for the Orb.
     0 | D:1      | Reached XP level 1. HP: 14/14 MP: 1/1
   176 | D:1      | Reached XP level 2. HP: 18/19 MP: 2/2
   502 | D:1      | Reached XP level 3. HP: 18/24 MP: 3/3
   958 | D:2      | Noticed Sigmund
   971 | D:2      | Reached XP level 4. HP: 21/29 MP: 4/4
   990 | D:2      | Gained mutation: Your spells are a little harder to cast,
                  | but a little more powerful. [potion of mutation]
  1742 | D:2      | Noticed Terence
  1745 | D:2      | Killed Terence
  1770 | D:3      | Noticed Grinder
  1776 | D:3      | Paralysed by Grinder for 4 turns
  1782 | D:3      | HP: 1/30 [Grinder/nerve-wracking pain (7)]
  1800 | D:3      | Paralysed by Grinder for 4 turns
  1805 | D:3      | Paralysed by Grinder for 4 turns
  1807 | D:3      | Slain by Grinder

Skill      XL: |  1  2  3 |
---------------+----------+-----
Fighting       | 2 |  2.3
Short Blades   | 3 |  3.2
Dodging        | 2 |  2.2
Throwing       | |  2.6
Stealth        | |  4.9

Action                   |  1- 3 |  4- 6 || total
-------------------------+-------+-------++-------
Melee: Dagger            |   100 |    39 ||   139
 Fire: Blowgun           |     2 |    10 ||    12
  Use: Potion            |     1 |     4 ||     5
       Scroll            |       |     1 ||     1
 Stab: Sleeping          |     3 |     3 ||     6
       Distracted        |     1 |       ||     1
  Eat: Ration            |       |     1 ||     1
Armor: Robe              |    23 |     4 ||    27
Dodge: Dodged            |    84 |    48 ||   132
